 Dungeon Crawl Stone Soup version 0.29-a0-298-g3c90f9a769 (webtiles) character file.

Game seed: 12652137380756332204

3887 kae the Arsonist (level 10, -3/58 HPs)
             Began as a Tengu Fire Elementalist on Mar 22, 2022.
             Was a Follower of Vehumet.
             Killed from afar by a gargoyle (17 damage)
             ... with a stone arrow
             ... on level 6 of the Dungeon.
             The game lasted 00:05:43 (10691 turns).

kae the Arsonist (Tengu Fire Elementalist)         Turns: 10691, Time: 00:05:43

Health: -3/58      AC:  4    Str:  9    XL:     10   Next: 19%
Magic:  11/18      EV: 17    Int: 19    God:    Vehumet [*.....]
Gold:   464        SH:  0    Dex: 15    Spells: 12/18 levels left

rFire   . . .      SeeInvis .   k - +1 hand axe
rCold   . . .      Faith    .   (no shield)
rNeg    . . .      Spirit   .   a - +0 robe
rPois   .          Reflect  .   (helmet restricted)
rElec   .          Harm     .   m - +1 cloak
rCorr   .          Rampage  .   (no gloves)
Will    .....                   (boots unavailable)
Stlth   ++++......              (no amulet)
HPRegen 0.19/turn               (no ring)
MPRegen 0.16/turn               (no ring)

@: flying quickly and evasively, quick
A: beak, talons 3, nimble flight
a: Renounce Religion


You were on level 6 of the Dungeon.
You worshipped Vehumet.
Vehumet was aware of your devotion.
You visited 1 branch of the dungeon, and saw 6 of its levels.

You collected 464 gold pieces.

Inventory:

Hand Weapons
 k - a +1 hand axe (weapon)
Armour
 a - a +0 robe (worn)
 m - a +1 cloak (worn)
Jewellery
 d - a ring of resist corrosion
 q - a ring of protection from fire
Wands
 s - a wand of iceblast (11)
Scrolls
 c - a scroll of teleportation
 f - a scroll of magic mapping {unknown}
 g - 3 scrolls of amnesia
 l - a scroll of enchant weapon
Potions
 b - a potion of magic
 e - a potion of degeneration
 h - a potion of curing
 i - 3 potions of might
 j - a potion of attraction
 o - 3 potions of brilliance
 r - 2 potions of lignification {unknown}


   Skills:
 + Level 4.6 Fighting
 + Level 5.0 Armour
 + Level 5.6 Dodging
 * Level 7.6 Stealth
 + Level 4.8 Spellcasting
 + Level 6.3 Conjurations
 * Level 8.1 Fire Magic


You had 12 spell levels left.
You knew the following spells:

 Your Spells              Type           Power      Damage    Failure   Level
a - Foxfire               Conj/Fire      100%       2x1d9     1%          1
b - Scorch                Fire           70%        2d8       1%          2
c - Conjure Flame         Conj/Fire      32%        6-21      1%          3

Your spell library contained the following spells:

 Spells                   Type           Power      Damage    Failure   Level
 Magic Dart               Conj           100%       1d8       1%          1
 Flame Wave               Conj/Fire      32%        2d8       6%          4
 Inner Flame              Hex/Fire       20%        N/A       7%          3
 Animate Skeleton         Necr           8%         N/A       13%         1
 Apportation              Tloc           8%         N/A       13%         1
 Summon Small Mammal      Summ           16%        N/A       13%         1
 Corpse Rot               Necr/Air       8%         N/A       19%         2
 Summon Guardian Golem    Hex/Summ       4%         N/A       36%         3
 Chain Lightning          Conj/Air       8%         3d10      100%        9


Dungeon Overview and Level Annotations

Branches:
Dungeon (6/15)             Temple (0/1) D:6

Altars:
Dithmenos
Fedhas
Nemelex Xobeh
Okawaru
Uskayaw
Vehumet
Xom
Yredelemnul


Innate Abilities, Weirdness & Mutations

You have a beak for a mouth.
You have claws for feet.
Your magical nature lets you fly swiftly and evasively.


Message History

You fly downwards.
The orc barely misses you.
There is a stone staircase leading up, spattered with blood here.
Casting: Scorch (safe; 1% risk of failure)
Confirm with . or Enter, or press ? or * to list all spells.
Flames lash the orc.
The orc is heavily wounded.
The orc's fire resistance burns away.
The orc misses you.
An orc wizard comes into view. It is wielding a +0 dagger.
The orc completely misses you.
A gargoyle comes into view. It is wielding a +0 flail.
Casting: Scorch (safe; 1% risk of failure)
Confirm with . or Enter, or press ? or * to list all spells.
Flames lash the gargoyle.
The gargoyle is lightly damaged.
The gargoyle's fire resistance burns away.
The orc barely misses you.
Casting: Scorch (safe; 1% risk of failure)
Confirm with . or Enter, or press ? or * to list all spells.
Flames lash the orc priest.
The orc priest is severely wounded.
The orc priest's fire resistance burns away.
The orc is no longer more vulnerable to fire.
The gargoyle misses you. The orc hits you with a +0 war axe!
The orc priest closely misses you. The orc priest barely misses you.
The orc completely misses you. The gargoyle hits you with a +0 flail!
Casting: Scorch (safe; 1% risk of failure)
Confirm with . or Enter, or press ? or * to list all spells.
Flames lash the orc.
You kill the orc!
Vehumet accepts your kill.
The gargoyle is no longer more vulnerable to fire.
The gargoyle hits you with a +0 flail! The orc wizard completely misses you.
The orc priest invokes the aid of Beogh against you.
Pain shoots through your body! The orc wizard misses you.
The orc priest hits you with a +0 whip.
* * * LOW HITPOINT WARNING * * *
The gargoyle hurls a stone arrow at you.
The stone arrow hits you!
You die...

.......#######.####
..####...........#
..#
#.#######.#.###.#
.# #.# #.......# .
#.# ####.###.### .
#.# #....# ... #
#.# #.##.###.##.
###.##.# #.##.o)9.#
# ...... #....o@###
###.## #..#####
#.......oo ###.#
##........ ....#
#.######o ##### #.#
#.# #.# ##### #.#
####.#
######...###.#
#.....


You could see a gargoyle, an orc priest (combustible) and an orc wizard.

Vanquished Creatures
  A two-headed ogre (D:6)
  A troll (D:5)
  Grinder (D:4)
  Prince Ribbit (D:5)
  A shadow (D:5)
  3 ice beasts (D:5)
  A sky beast (D:5)
  4 black bears
  An orc warrior (D:5)
  4 ogres (D:5)
  A phantom (D:5)
  A kobold brigand (D:6)
  Blork the orc (D:6)
  A bullfrog (D:6)
  2 necrophages (D:5)
  5 scorpions
  A howler monkey (D:5)
  2 hounds (D:5)
  2 jellies (D:6)
  A gnoll shaman (D:6)
  2 orc wizards
  3 iguanas
  11 adders
  16 gnolls
  A white imp (D:5)
  4 ufetubi
  2 dart slugs
  12 orcs
  7 bats
  6 endoplasms
  4 giant cockroaches
  8 goblins
  4 hobgoblins
  4 jackals (D:3)
  10 kobolds
  9 quokkas
  7 ball pythons
  2 frilled lizards
  4 rats
151 creatures vanquished.

Vanquished Creatures (others)
  324 foxfires
324 creatures vanquished.

Grand Total: 475 creatures vanquished

Notes
Turn   | Place    | Note
-------+----------+-------------------------------------------
     0 | D:1      | kae the Tengu Fire Elementalist began the quest for the
                  | Orb.
     0 | D:1      | Reached XP level 1. HP: 10/10 MP: 4/4
    30 | D:1      | Found a faded altar of an unknown god.
   905 | D:1      | Reached XP level 2. HP: 15/15 MP: 0/6
  2257 | D:2      | Reached XP level 3. HP: 10/20 MP: 3/7
  2260 | D:2      | Learned a level 2 spell: Scorch
  2427 | D:2      | Learned a level 3 spell: Conjure Flame
  2785 | D:1      | Reached skill level 1 in Armour
  2785 | D:1      | Reached XP level 4. HP: 12/24 MP: 0/8
  2936 | D:2      | Reached skill level 1 in Fighting
  3670 | D:3      | Reached skill level 4 in Fire Magic
  4116 | D:3      | Gained mutation: Your magical nature lets you fly swiftly
                  | and evasively. [Tengu growth]
  4116 | D:3      | Reached XP level 5. HP: 29/29 MP: 3/9
  4758 | D:3      | Found a sparkling altar of Nemelex Xobeh.
  4762 | D:3      | Found an iron altar of Okawaru.
  4768 | D:3      | Found a hide-covered altar of Uskayaw.
  4834 | D:3      | Found a shadowy altar of Dithmenos.
  4837 | D:3      | Found a blossoming altar of Fedhas.
  4841 | D:3      | Found a basalt altar of Yredelemnul.
  5147 | D:3      | Reached XP level 6. HP: 34/34 MP: 10/10
  5537 | D:4      | Noticed Grinder
  5562 | D:4      | Killed Grinder
  5563 | D:4      | Reached skill level 5 in Fire Magic
  5563 | D:4      | Reached XP level 7. HP: 27/40 MP: 1/12
  6414 | D:4      | Found a radiant altar of Vehumet.
  6420 | D:4      | Found a shimmering altar of Xom.
  6428 | D:4      | Became a worshipper of Vehumet
  6456 | D:5      | Entered Level 5 of the Dungeon
  6692 | D:5      | Noticed Prince Ribbit
  6705 | D:5      | Killed Prince Ribbit
  6706 | D:5      | Reached XP level 8. HP: 14/45 MP: 2/13
  6932 | D:5      | Reached skill level 5 in Stealth
  7055 | D:5      | Got the Volume of Flying Execration
  7298 | D:5      | Reached skill level 6 in Fire Magic
  8268 | D:5      | Noticed a troll
  8269 | D:5      | Reached XP level 9. HP: 51/51 MP: 9/15
  8370 | D:5      | Reached skill level 5 in Conjurations
  8569 | D:5      | HP: 2/51 [troll (9)]
  8571 | D:5      | Killed a troll
  8612 | D:5      | Reached skill level 7 in Fire Magic
  9053 | D:5      | Reached skill level 5 in Dodging
  9719 | D:6      | Noticed a two-headed ogre
  9898 | D:6      | Killed a two-headed ogre
  9899 | D:6      | Reached XP level 10. HP: 58/58 MP: 5/18
 10043 | D:6      | Reached skill level 8 in Fire Magic
 10149 | D:6      | Found a staircase to the Ecumenical Temple.
 10256 | D:6      | Reached * piety under Vehumet
 10256 | D:6      | Offered knowledge of Magic Dart by Vehumet.
 10273 | D:6      | Noticed Blork the orc
 10279 | D:6      | Killed Blork the orc
 10280 | D:6      | Reached skill level 5 in Armour
 10685 | D:6      | Noticed a gargoyle
 10691 | D:6      | Killed from afar by a gargoyle

Illustrated notes

Levels and vault maps discovered:
D:1:      saegor_arrival_simple_d, layout_loops_corners, basic_ecumenical_altar
D:2:      layout_basic
D:3:      layout_loops_ring, nicolae_overflow_hallway_of_the_gods
D:4:      layout_loops_ring, minitemple, minmay_crossroads, uniq_grinder
D:5:      kennysheep_windowed_halls, layout_rooms, serial_rivers,
          chequers_serial_rivers_large_b, chequers_serial_rivers_small_a,
          chequers_serial_rivers_room_a, chequers_serial_rivers_marsh,
          chequers_serial_rivers_room_a, chequers_serial_rivers_micro_a,
          grunt_ministairs_5, uniq_prince_ribbit1
D:6:      layout_loops_ring, minmay_temple_entry_stoned_glass,
          uniq_blork_the_orc

Skill      XL: |  1  2  3  4  5  6  7  8  9 10 |
---------------+-------------------------------+-----
Armour         | 1 2 3 4 5 |  5.0
Conjurations   | 2 3 4 6 |  6.3
Fighting       | 1 2 3 4 |  4.6
Fire Magic     | 4 5 6 7 8 |  8.1
Stealth        | 3 4 6 7 |  7.6
Dodging        | 3 4 5 |  5.6
Spellcasting   | 3 4 |  4.8

Action                   |  1- 3 |  4- 6 |  7- 9 | 10-12 || total
-------------------------+-------+-------+-------+-------++-------
Melee: Unarmed           |    12 |       |       |       ||    12
       Kick              |     2 |    13 |     5 |     1 ||    21
       Peck              |     1 |     9 |     4 |     4 ||    18
       Hand axe          |     3 |    44 |    22 |    11 ||    80
       Punch             |       |       |     1 |       ||     1
 Cast: Foxfire           |    67 |    44 |    66 |    28 ||   205
       Scorch            |     2 |    20 |    67 |    20 ||   109
       Conjure Flame     |     1 |     1 |     4 |     2 ||     8
  Use: Scroll            |     1 |     7 |     5 |       ||    13
       Potion            |     1 |       |     4 |       ||     5
 Stab: Sleeping          |     1 |     2 |       |       ||     3
Armor: Robe              |     4 |    11 |    33 |     6 ||    54
Dodge: Dodged            |    31 |    68 |   119 |    30 ||   248

Table legend: (Time is in decaauts)
 A = Elapsed time spent in this place.
 B = Non-inter-level travel time spent in this place.
 C = Inter-level travel time spent in this place.
 D = Time resting spent in this place.
 E = Time spent auto-exploring this place.
 F = Levels seen in this place.
 G = Mean time per level.
                   A        B        C        D        E       F      G
               +--------+--------+--------+--------+--------+-----+--------+
         Total |  10465 |  10206 |    259 |    785 |   8081 |   6 | 1744.2 |
       Dungeon |  10465 |  10206 |    259 |    785 |   8081 |   6 | 1744.2 |
               +--------+--------+--------+--------+--------+-----+--------+

Top non-repeatable levels by time:
     D:5: 3194 daAuts
     D:1: 1895 daAuts
     D:2: 1663 daAuts
     D:3: 1658 daAuts
     D:4: 1174 daAuts
     D:6: 879 daAuts
